 Dungeon Crawl Stone Soup version 0.30-a0-793-g160f7cfddd (webtiles) character file.

Game seed: 3862191125956377253

123 barkas the Sneak (level 5, -2/50 HPs)
             Began as a Naga Monk on Feb 19, 2023.
             Slain by Terence
             ... wielding a +0 hand axe
              (8 damage)
             ... on level 2 of the Dungeon.
             The game lasted 00:02:56 (1630 turns).

barkas the Sneak (Naga Monk)                        Turns: 1630, Time: 00:02:56

Health: -2/50      AC:  2    Str: 12 (15) XL:     5   Next: 7%
Magic:  5/5        EV:  9    Int:  8 (11) God:
Gold:   112        SH:  3    Dex: 11 (13) Spells: 4/4 levels left

rFire   + . .      SeeInvis +    a - +0 hand axe
rCold   + . .      Faith    .    f - +0 buckler
rNeg    . . .      Spirit   .    b - +0 robe
rPois   +          Reflect  .    (no helmet)
rElec   +          Harm     .    (no cloak)
rCorr   +          Rampage  .    (no gloves)
Will    .....                    (no barding)
Stlth   +++                      (no amulet)
HPRegen 0.28/turn                (no ring)
MPRegen 0.09/turn                (no ring)

@: brilliant, short of breath, resistant, very slow
A: AC +1, large, see invisible, deformed body, poison resistance, slowness 2,
spit poison 1, naga tail 1
a: Spit Poison


You were on level 2 of the Dungeon.
You visited 1 branch of the dungeon, and saw 2 of its levels.

You collected 112 gold pieces.

Inventory:

Hand Weapons
 a - a +0 hand axe (weapon)
Armour
 b - a +0 robe (worn)
 f - a +0 buckler (worn)
Scrolls
 l - a scroll of vulnerability
Potions
 j - a potion of degeneration
 k - a potion of brilliance


   Skills:
 + Level 3.7 Fighting
 * Level 4.3 Axes
 - Level 2.4 Dodging
 + Level 4.5 Stealth
 + Level 1.1 Shields


You had 4 spell levels left.
You didn't know any spells.
Your spell library was empty.

Dungeon Overview and Level Annotations

Branches:
Dungeon (2/15)

Altars:

Annotations:
D:2 Terence


Innate Abilities, Weirdness & Mutations

Your serpentine skin is tough. (AC +1)
You have supernaturally acute eyesight. (SInv)
Armour fits poorly on your strangely shaped body.
Your system is resistant to poisons. (rPois)
You cover ground very slowly.
You can spit poison.
You have a snake-like lower body.


Message History

Terence hits you but does no damage.
You don't know any spells.
Unknown command.
You aren't carrying any items that you can evoke.
Unknown command.
Okay, then.
Unknown command.
Aiming: Spit Poison (1% risk of failure)
Press: ? - help, Shift-Dir - straight line, f/p - Terence
Aim: Terence, wielding a +0 hand axe and wearing a +0 chain mail (moderately wounded, 70% to hit)
The splash of poison misses Terence.
Terence barely misses you.
You hit Terence but do no damage.
Terence is moderately wounded.
You block Terence's attack.
You hit Terence.
Terence is heavily wounded.
You have got your breath back.
Terence hits you with a +0 hand axe.
* * * LOW HITPOINT WARNING * * *
You hit Terence but do no damage.
Terence is heavily wounded.
Terence closely misses you.
You barely miss Terence.
Terence is moderately wounded.
Terence hits you with a +0 hand axe.
* * * LOW HITPOINT WARNING * * *
You hit Terence but do no damage.
Terence is moderately wounded.
You block Terence's attack.
Aiming: Spit Poison (1% risk of failure)
Press: ? - help, Shift-Dir - straight line, f/p - Terence
Aim: Terence, wielding a +0 hand axe and wearing a +0 chain mail (moderately wounded, 70% to hit)
The splash of poison hits Terence.
Terence is severely wounded.
Terence hits you with a +0 hand axe.
* * * LOW HITPOINT WARNING * * *
You barely miss Terence.
Terence is severely wounded.
Terence hits you with a +0 hand axe!
You die...

#.#####..###.##
#)......# # ##.##
##.#######.#####.#
#.#.##
##.....†#.#####.#
#...##
##.#####.....(##.#
#.##..###...#
###.##.##.# #.
#.#.#...## #.##.##.# #
#.##.#.## #.##.##.#
..####@# #.......#
#### #@# ####.#### #)#
#†## ... #..# .....
##.# ....... ## #.#
......... ##...#.###
+.........'...........
#.........####...#.##.
#........


You could see Terence.

Vanquished Creatures
  Robin (D:2)
  3 adders (D:2)
  6 dart slugs
  2 ball pythons (D:1)
  5 bats
  4 endoplasms
  3 giant cockroaches
  9 goblins (D:2)
  9 hobgoblins
  7 jackals (D:1)
  4 kobolds
  A quokka (D:1)
  5 frilled lizards (D:2)
  7 rats
66 creatures vanquished.

Notes
Turn   | Place    | Note
-------+----------+-------------------------------------------
     0 | D:1      | barkas the Naga Monk began the quest for the Orb.
     0 | D:1      | Reached XP level 1. HP: 21/21 MP: 1/1
    78 | D:1      | Reached XP level 2. HP: 28/28 MP: 2/2
   337 | D:1      | Reached XP level 3. HP: 34/34 MP: 3/3
  1077 | D:2      | Reached XP level 4. HP: 40/42 MP: 4/4
  1580 | D:2      | Noticed Robin
  1596 | D:2      | Reached skill level 1 in Shields
  1614 | D:2      | Noticed Terence
  1615 | D:2      | Killed Robin
  1616 | D:2      | Reached XP level 5. HP: 24/50 MP: 5/5
  1630 | D:2      | Slain by Terence

Illustrated notes

Levels and vault maps discovered:
D:1:      dpeg_arrival_line_fractal, layout_basic, minmay_misc_feat_ornament,
          hex_intersection, chequers_serial_rivers_large_a
D:2:      layout_loops_corners, ebering_dispersal_statue_hall, minivault_19,
          nicolae_wormholes, uniq_terence, uniq_robin

Skill      XL: |  1  2  3  4 |
---------------+-------------+-----
Stealth        | 4 |  4.5
Axes           | 4 |  4.3
Shields        | 1 |  1.1
Fighting       | |  3.7
Dodging        | |  2.4

Action                     |  1- 3 |  4- 6 || total
---------------------------+-------+-------++-------
  Melee: Hand axe          |    60 |    68 ||   128
Ability: Spit Poison       |    24 |    20 ||    44
    Use: Scroll            |       |     3 ||     3
         Potion            |       |     6 ||     6
   Stab: Sleeping          |     1 |     1 ||     2
 Armour: Robe              |     4 |    14 ||    18
  Dodge: Dodged            |    37 |    41 ||    78
  Block: Buckler           |     9 |    15 ||    24

Table legend: (Time is in decaauts)
 A = Elapsed time spent in this place.
 B = Non-inter-level travel time spent in this place.
 C = Inter-level travel time spent in this place.
 D = Time resting spent in this place.
 E = Time spent auto-exploring this place.
 F = Levels seen in this place.
 G = Mean time per level.
                   A        B        C        D        E       F      G
               +--------+--------+--------+--------+--------+-----+--------+
         Total |   2048 |   2037 |     11 |    209 |   1402 |   2 | 1024.0 |
       Dungeon |   2048 |   2037 |     11 |    209 |   1402 |   2 | 1024.0 |
               +--------+--------+--------+--------+--------+-----+--------+

Top non-repeatable levels by time:
     D:1: 1294 daAuts
     D:2: 753 daAuts
